 Dungeon Crawl Stone Soup version 0.17.1-1-g73c8601 (webtiles) character file.

1203 Icer the Ducker (level 8, 62/62 HPs)
             Began as a Demonspawn Chaos Knight on Apr 22, 2016.
             Starved to death
             ... on level 5 of the Dungeon on Apr 25, 2016.
             The game lasted 01:35:26 (5297 turns).

Icer the Ducker (Demonspawn Chaos Knight)           Turns: 5297, Time: 01:35:26

Health: 62/62      AC: 10    Str: 17    XL:     8   Next: 21%
Magic:  8/8        EV: 15    Int: 13    God:    Xom [.*....]
Gold:   27         SH:  0    Dex: 14    Spells: 0 memorised, 7 levels left

rFire  . . .     SeeInvis .     a - +0 mace (chaos)
rCold  + . .     Clarity  .     O - +3 leather armour {rC+}
rNeg   . . .     SustAt   .     (no shield)
rPois  .         Gourm    .     (no helmet)
rElec  .         Spirit   +     (no cloak)
rCorr  .         Warding  .     (no gloves)
rMut   .         Stasis   .     (no boots)
MR     +....                    (no amulet)
Stlth  ++........               N - +3 ring of strength
                                m - +1 ring of evasion

@: fainting, somewhat resistant to hostile enchantments, unstealthy
A: claws 1, iridescent scales 1, demonic guardian 1, magic resistance 1, magic
shield
a: Renounce Religion


You were on level 5 of the Dungeon.
You worshipped Xom.
You were a plaything of Xom.
You were fainting.

You visited 1 branch of the dungeon, and saw 5 of its levels.

You collected 195 gold pieces.
You spent 168 gold pieces at shops.

Inventory:

Hand Weapons
 a - a +0 mace of chaos (weapon)
 d - a +0 hunting sling
 e - a +0 short sword
 f - a +0 whip
 j - a +0 club
 k - a +0 short sword
 t - a +0 flail
 w - a +0 trident
 x - a +0 war axe
 E - a +0 whip of freezing
 G - a +0 spear
 K - a +1 antimagic trident
 T - a +0 whip
Missiles
 l - 31 sling bullets
 M - 11 bolts of flame
Armour
 b - a +2 leather armour
 r - a +0 ring mail
 s - a +0 leather armour
 u - a +0 ring mail
 v - a +0 scale mail
 y - a +0 ring mail
 C - a +0 chain mail
 D - a +0 scale mail
 H - a +0 robe
 L - a +2 robe of cold resistance
 O - a +3 leather armour of cold resistance (worn)
 P - a +0 animal skin
 Q - a +0 robe
Jewellery
 m - a +1 ring of evasion (left claw)
 N - a +3 ring of strength (right claw)
Wands
 F - a wand of fireball (6)
 J - a wand of digging (0)
 R - a wand of cold (0)
Scrolls
 g - 3 scrolls of identify {unknown}
 o - a scroll of fog {unknown}
 p - 2 scrolls of remove curse {unknown}
 B - a scroll of magic mapping {unknown}
 I - a scroll of teleportation {unknown}
 U - a scroll of enchant weapon {unknown}
Potions
 h - a potion of flight
 n - 2 potions of haste {unknown}
 q - 5 potions of curing
 z - a potion of lignification {unknown}
 A - a potion of cure mutation {unknown}
 S - a potion of resistance {unknown}
Comestibles
 c - 2 bread rations
 i - 2 meat rations


   Skills:
 + Level 5.0 Fighting
 + Level 4.7 Maces & Flails
 + Level 0.5 Polearms
 + Level 0.1 Slings
 + Level 3.8 Armour
 + Level 5.2 Dodging
 + Level 2.8 Stealth
 + Level 1.1 Evocations


You had 7 spell levels left.
You didn't know any spells.

Dungeon Overview and Level Annotations

Branches:
Dungeon (5/15)             Temple (0/1) D:5

Altars:
Fedhas
Gozag
Makhleb
Nemelex Xobeh
Okawaru
Xom

Shops:
D:4 !(=!

Annotations:
D:4 Shops, +5 ring of slaying


Innate Abilities, Weirdness & Mutations

You have sharp fingernails.
You are partially covered in iridescent scales (AC +4).
A weak demonic guardian rushes to your aid.
When hurt, damage is shared between your health and your magic reserves.
You are resistant to hostile enchantments.


Message History

The bush is moderately damaged.
You hit the bush but do no damage.
The bush is moderately damaged.
You hit the bush but do no damage.
The bush is moderately damaged.
You hit the bush but do no damage.
The bush is moderately damaged.
You hit the bush.
The bush is moderately damaged.
You hit the bush but do no damage.
The bush is moderately damaged.
You hit the bush.
The bush is heavily damaged.
You hit the bush but do no damage. Lukewarm flames ripple over your body.
The bush is heavily damaged.
You hit the bush but do no damage.
The bush is heavily damaged.
You have starved to death.
You die...
Xom chortles!

####### ##### ......#
###...###......#
#.........>....#
##..#.P.........#
#####.....@P..##.###
#######.<...........# .#
........####........#..#
######### #...###....#
##...##.#### #......#
#.....## #.......#
#..........#


There were no monsters in sight!

Vanquished Creatures
  Grinder (D:4)
  Menkaure (D:4)
  An ogre (D:4)
  Blork the orc (D:4)
  A scorpion (D:4)
  An orc priest (D:3)
  2 orc wizards
  An iguana (D:4)
  3 worker ants (D:4)
  4 adders
  A shadow imp (D:5)
  2 worms
  3 giant geckos
  16 orcs
  2 giant cockroaches
  6 goblins
  4 hobgoblins
  8 jackals
  4 quokkas
  2 ball pythons
  5 bats
  4 giant newts
  4 kobolds
  5 rats
  5 bushes (D:5)
  A plant (D:1)
88 creatures vanquished.

Vanquished Creatures (collateral kills)
  Pikel (D:4)
  A black bear (D:4)
  A slave (D:4)
  An orc wizard (D:4)
  A centaur skeleton (D:4)
  A rat (D:2)
6 creatures vanquished.

Vanquished Creatures (others)
  An orc (D:4)
  A bat (D:1)
2 creatures vanquished.

Grand Total: 96 creatures vanquished

Notes
Turn   | Place    | Note
--------------------------------------------------------------
     0 | D:1      | Icer the Demonspawn Chaos Knight began the quest for the Orb.
     0 | D:1      | Reached XP level 1. HP: 18/18 MP: 1/1
   235 | D:1      | Reached skill level 1 in Dodging
   306 | D:1      | XOM: divination: detect creatures
   382 | D:1      | Gained mutation: You are partially covered in iridescent scales (AC +4). [demonic ancestry]
   382 | D:1      | Reached XP level 2. HP: 22/24 MP: 2/2
   390 | D:1      | XOM: harmless Chrm miscast
   401 | D:1      | You fall through a shaft!
   516 | D:2      | Found an iron altar of Okawaru.
   618 | D:2      | Found a burning altar of Makhleb.
   968 | D:2      | Reached XP level 3. HP: 25/29 MP: 3/3
  1333 | D:3      | XOM: mild Divn miscast
  1385 | D:3      | XOM: divination: detect items
  1601 | D:3      | Reached XP level 4. HP: 34/36 MP: 4/4
  1767 | D:3      | XOM: confuse monster(s)
  1816 | D:2      | XOM: mild Fire miscast
  2074 | D:3      | XOM: confusion (+ monsters)
  2279 | D:3      | XOM: harmless Tloc miscast
  2529 | D:3      | XOM: give mutation
  2529 | D:3      | Gained mutation: You are resistant to hostile enchantments. [Xom's mischief]
  2608 | D:3      | XOM: silly message
  2752 | D:3      | XOM: mild Tloc miscast
  2779 | D:4      | Noticed a black bear
  2800 | D:3      | XOM: swap monsters
  2876 | D:3      | Gained mutation: A weak demonic guardian rushes to your aid. [demonic ancestry]
  2876 | D:3      | Reached XP level 5. HP: 37/42 MP: 5/5
  2931 | D:4      | Found Orghel's Distillery.
  2942 | D:4      | Reached skill level 4 in Fighting
  2956 | D:4      | Noticed Blork the orc
  2974 | D:4      | XOM: summons 5 friendly demons
  2982 | D:4      | Killed Blork the orc
  2996 | D:4      | Killed a black bear
  2996 | D:4      | Gained mutation: When hurt, damage is shared between your health and your magic reserves. [demonic ancestry]
  2996 | D:4      | Reached XP level 6. HP: 24/48 MP: 3/6
  3148 | D:4      | Bought a potion of heal wounds for 60 gold pieces
  3202 | D:4      | Reached skill level 1 in Stealth
  3421 | D:4      | Noticed Grinder
  3425 | D:4      | Paralysed by Grinder for 4 turns
  3436 | D:4      | Paralysed by Grinder for 2 turns
  3438 | D:4      | Killed Grinder
  3438 | D:4      | Gained mutation: You have sharp fingernails. [demonic ancestry]
  3438 | D:4      | Reached XP level 7. HP: 20/55 MP: 4/7
  3674 | D:4      | Found Eklie's Weapon Shoppe.
  3708 | D:4      | Noticed Menkaure
  3715 | D:4      | Killed Menkaure
  3834 | D:4      | XOM: colour smoke trail
  3934 | D:4      | Noticed a slave
  3935 | D:4      | Noticed a slave
  3938 | D:4      | Noticed Pikel
  3938 | D:4      | XOM: mild Chrm miscast
  3939 | D:4      | Noticed a slave
  3942 | D:4      | Noticed a slave
  3943 | D:4      | Killed a slave
  3965 | D:4      | XOM: harmless Fire miscast
  3982 | D:4      | Found an opulent altar of Gozag.
  3982 | D:4      | Found a blossoming altar of Fedhas.
  3997 | D:4      | XOM: summons 7 friendly demons
  3998 | D:4      | Killed Pikel
  3998 | D:4      | Reached skill level 5 in Fighting
  3998 | D:4      | Reached skill level 1 in Evocations
  3998 | D:4      | Reached XP level 8. HP: 21/62 MP: 2/8
  4163 | D:4      | Reached skill level 5 in Dodging
  4312 | D:4      | Found a shimmering altar of Xom.
  4312 | D:4      | Found a sparkling altar of Nemelex Xobeh.
  4549 | D:4      | XOM: mild Ice miscast
  4581 | D:4      | Found Gusen's Distillery.
  4607 | D:4      | Found Vicawyef's Jewellery Shop.
  4612 | D:4      | Noticed an ogre
  4623 | D:4      | Killed an ogre
  4792 | D:4      | Bought a potion of curing for 36 gold pieces
  4792 | D:4      | Bought a potion of curing for 36 gold pieces
  4844 | D:4      | Bought a potion of curing for 36 gold pieces
  4867 | D:5      | Entered Level 5 of the Dungeon
  4871 | D:5      | Found a staircase to the Ecumenical Temple.
  5297 | D:5      | Starved to death

Action                   |  1- 3 |  4- 6 |  7- 9 || total
-------------------------+-------+-------+-------++-------
Melee: Mace              |   192 |   124 |   431 ||   747
       Trident           |       |       |    32 ||    32
 Fire: Hunting sling     |       |     2 |       ||     2
Evoke: Wand              |       |     4 |       ||     4
  Use: Potion            |     2 |     1 |     2 ||     5
 Stab: Distracted        |       |     1 |       ||     1
       Paralysed         |       |     3 |       ||     3
       Confused          |       |       |     3 ||     3
       Sleeping          |       |       |     2 ||     2
  Eat: Chunk             |     3 |       |     1 ||     4
       Bread ration      |       |     2 |       ||     2
